AoeStats
← Heredero

Oasis

509520455Analyzed
2v2 RM · 4d ago on Sep 27, 2026· 42m 7s· 4 players
Game mode
Random Map
Map size
Medium (4 player)
Population
200
Speed
Normal
Resources
Standard
Victory
Conquest
Starting age
Dark Age
Ending age
Imperial Age
RankedLock teamsTeams togetherTeam positionsShared explorationLock speedFull tech treeHidden civsTurbo modeCheats
Victory
Defeat
🇦🇷 Bulgarians · Argentina
1317
+13
🇦🇷 Mapuche · Argentina
1307
+14
🇺🇸 Sicilians · United States
1286
-15
🇦🇷 Maya · Argentina
1228
-12
sepa89
0:32 Loom
10:24 Feudal Age
12:49 Double-Bit Axe
14:04 Horse Collar
16:36 Fletching
20:47 Castle Age
20:48 Elite Skirmisher
21:28 Bodkin Arrow
23:59 Bow Saw
24:10 Forging
26:06 Scale Mail Armor
29:09 Wheelbarrow
33:38 Thumb Ring
35:09 Gold Mining
36:27 Ballistics
36:56 Padded Archer Armor
43:07 Imperial Age
40:42 Stone Mining
41:53 Leather Archer Armor
42:14 Masonry
VENI.VIDI.VICI.
4:58 Loom
12:05 Feudal Age
16:59 Double-Bit Axe
18:12 Scale Mail Armor
24:51 Castle Age
24:10 Fletching
24:20 Padded Archer Armor
29:23 Bodkin Arrow
31:02 Horse Collar
32:32 Leather Archer Armor
36:12 Ballistics
Heredero
7:11 Loom
9:44 Feudal Age
14:11 Forging
14:28 Scale Mail Armor
17:09 Arson
18:33 Horse Collar
24:23 Castle Age
25:13 Squires
25:50 Iron Casting
25:32 Chain Mail Armor
25:05 Double-Bit Axe
25:52 Gambesons
29:24 Bloodlines
29:21 Scale Barding Armor
31:36 Chain Barding Armor
34:06 Gold Mining
34:30 Bow Saw
36:58 Gold Shaft Mining
36:24 Heavy Plow
37:26 Devotion
41:13 Imperial Age
39:20 Wheelbarrow
39:17 Town Watch
40:01 Stirrups
42:09 Hand Cart
42:28 Conscription
43:07 Plate Barding Armor
43:04 Plate Mail Armor
NicoXL
4:56 Loom
11:22 Feudal Age
12:08 Double-Bit Axe
12:33 Horse Collar
17:58 Castle Age
16:44 Padded Archer Armor
17:24 Fletching
17:29 Gold Mining
18:54 Heavy Plow
19:08 Bow Saw
19:40 Bodkin Arrow
19:09 Elite Skirmisher
24:18 Leather Archer Armor
26:03 Gold Shaft Mining
25:32 Heavy Plow
27:55 Stone Mining
32:24 Sanctity
34:35 Stone Shaft Mining
38:12 Imperial Age
36:31 Wheelbarrow
37:38 Ballistics
40:41 Chemistry
39:51 Capped Ram
41:02 Treadmill Crane
41:33 Masonry
Connection lost

Rejoining the realm…

Still unreachable

The connection could not be restored.

Session expired

The server has moved on; the page needs a fresh start.